Map: [ESL] Gresvan

Players

herO - Winner!

  • Race: Protoss Protoss
  • Spawn Location: 11:00

SpeCial

  • Race: Terran Terran
  • Spawn Location: 5:00

Event: IEM Katowice 2023

VOD

Have the link to the VOD?

Description

Time

  • Played on: Feb. 11, 2023, 7:13 a.m.
  • Length: 9:53

All games in this series

Show
View Real Time Build Order
Export as new Build Order

herO Protoss - Winner!

Build Orders: 1 Gate Expand, Phoenix Opening, Colossus Rush 

Get SALT Encoding   

  12  0:00  Probe  
  13  0:12  Probe  
  14  0:18  Pylon  
  14  0:24  Probe (Chrono Boost)  
  15  0:36  Probe (Chrono Boost)  
  15  0:38  Gateway  
  16  0:45  Probe (Chrono Boost)  
  16  0:49  Assimilator  
  17  0:50  Probe  
  18  1:03  Probe  
  19  1:15  Probe  
  20  1:28  Cybernetics Core  
  20  1:38  Nexus  
  20  1:42  Pylon  
  20  1:44  Probe  
  21  1:50  Assimilator  
  21  1:57  Probe  
  22  2:01  Adept (Chrono Boost)  
  22  2:07  Shield Battery  
  24  2:10  Probe  
  25  2:22  Probe  
  26  2:24  Adept (Chrono Boost)  
  28  2:31  Stargate  
  28  2:37  Probe, Warp Gate  
  29  2:45  Adept (Chrono Boost)  
  29  2:49  Probe  
  29  2:50  Probe  
  32  3:06  Probe x2  
  34  3:14  Phoenix (Chrono Boost)  
  34  3:18  Probe x2  
  38  3:28  Pylon  
  38  3:30  Probe x2 (Chrono Boost), Phoenix  
  42  3:37  Assimilator  
  42  3:40  Robotics Facility  
  42  3:43  Probe (Chrono Boost)  
  44  3:50  Probe (Chrono Boost)  
  44  3:51  Probe (Chrono Boost)  
  44  3:55  Assimilator  
  45  3:57  Phoenix  
  45  3:58  Probe  
  45  3:59  Probe  
  49  4:04  Pylon  
  49  4:12  Probe x2  
  49  4:16  Gateway  
  49  4:24  Shield Battery, Probe  
  49  4:25  Probe  
  49  4:27  Observer (Chrono Boost)  
  49  4:29  Robotics Bay  
  52  4:37  Probe x2  
  54  4:41  Immortal (Chrono Boost)  
  58  4:46  Sentry  
  58  4:49  Pylon  
  58  4:50  Probe  
  58  4:52  Probe  
  62  5:02  Pylon  
  62  5:07  Phoenix  
  62  5:08  Probe  
  62  5:12  Zealot  
  67  5:14  Pylon  
  67  5:16  Colossus (Chrono Boost)  
  73  5:31  Zealot  
  73  5:32  Phoenix  
  77  5:36  Extended Thermal Lance  
  77  5:37  Observer  
  77  5:39  Gateway  
  77  5:45  Pylon  
  77  5:53  Colossus (Chrono Boost), Probe  
  77  5:54  Probe  
  84  6:03  Zealot, Sentry  
  87  6:18  Nexus  
  87  6:20  Shield Battery  
  87  6:21  Probe x2  
  89  6:28  Zealot, Sentry  
  89  6:30  Pylon  
  93  6:35  Twilight Council  
  93  6:45  Colossus (Chrono Boost)  
  93  6:52  Probe x2  
  101  6:54  Pylon  
  101  7:04  Probe x2  
  100  7:08  Pylon  
  100  7:11  Charge  
  97  7:18  Probe x2  
  97  7:19  Zealot x3  
  97  7:21  Phoenix  
  107  7:29  Observer (Chrono Boost)  
  109  7:30  Probe x3  
  109  7:31  Gateway  
  111  7:40  Templar Archives  
  111  7:42  Gateway  
  114  7:47  Disruptor  
  114  7:51  Stalker x2  
  114  7:57  Probe x2  
  118  7:58  Probe  
  117  8:09  Forge, Probe x2  
  117  8:10  Probe  
  117  8:11  Zealot  
  122  8:15  Pylon  
  122  8:18  High Templar x2  
  126  8:22  Probe x2  
  126  8:23  Probe  
  126  8:24  Archon  
  129  8:28  Gateway  
  129  8:32  Gateway  
  129  8:33  Warp Prism (Chrono Boost)  
  131  8:52  High Templar x2, Gateway, Zealot x2  
  139  8:56  Shield Battery  
  139  8:57  Archon  
  139  8:58  Zealot  
  141  9:05  Pylon  
  141  9:07  Pylon  
  141  9:17  Assimilator x2  
  141  9:26  Zealot x5  
  108  9:46  Zealot x5  
Show
View Real Time Build Order
Export as new Build Order

SpeCial Terran 

Build Orders:  

Get SALT Encoding   

  12  0:00  SCV  
  13  0:12  SCV  
  14  0:17  Supply Depot  
  14  0:24  SCV  
  15  0:38  SCV  
  15  0:40  Barracks  
  16  0:44  Refinery  
  16  0:51  SCV  
  17  1:03  SCV  
  18  1:15  SCV  
  19  1:30  Marine, Orbital Command  
  20  1:44  Command Center  
  20  1:51  Reaper  
  21  1:56  SCV  
  22  2:01  Supply Depot  
  23  2:08  SCV  
  23  2:11  Factory  
  23  2:23  SCV  
  23  2:24  Refinery  
  23  2:25  Barracks Reactor  
  24  2:35  SCV  
  25  2:40  Barracks  
  25  2:47  SCV  
  26  2:56  Factory Tech Lab  
  26  2:59  Orbital Command, SCV  
  26  3:01  Marine x2  
  29  3:11  SCV  
  29  3:12  Starport  
  29  3:20  Cyclone  
  29  3:22  Marine  
  29  3:23  Orbital Command  
  29  3:24  Marine  
  34  3:27  SCV  
  34  3:30  Marine  
  34  3:32  SCV  
  37  3:36  Supply Depot  
  37  3:43  Marine x2  
  37  3:44  SCV  
  40  3:51  Marine  
  40  3:52  Starport Tech Lab  
  40  3:53  SCV  
  42  3:56  SCV  
  42  4:01  Siege Tank  
  46  4:05  SCV  
  46  4:12  Cloaking Field  
  46  4:18  Marine x3  
  46  4:20  SCV x2  
  46  4:22  Refinery  
  51  4:26  Banshee, Supply Depot  
  54  4:31  Supply Depot  
  54  4:37  Barracks Tech Lab  
  54  4:47  Supply Depot  
  54  4:48  Marine, SCV x2  
  54  4:52  Marine  
  58  4:58  Siege Tank  
  61  5:00  SCV  
  61  5:03  Combat Shield  
  61  5:05  Marine x2  
  64  5:08  SCV  
  64  5:09  Marine  
  64  5:10  Supply Depot  
  66  5:17  Banshee  
  66  5:19  SCV  
  66  5:20  SCV  
  71  5:23  Marine x2  
  71  5:27  Marine  
  73  5:32  SCV x2  
  75  5:35  Siege Tank  
  75  5:41  Marine x2  
  80  5:45  Marine, SCV x2  
  82  5:57  SCV  
  83  5:58  Marine  
  83  5:59  Marine  
  83  6:00  Banshee, SCV  
  86  6:09  Supply Depot  
  86  6:10  Barracks  
  86  6:11  Supply Depot  
  86  6:15  Marine, SCV  
  86  6:16  Marine  
  86  6:22  Marine  
  86  6:23  SCV  
  86  6:25  Stimpack  
  85  6:29  SCV  
  85  6:31  Siege Tank, Engineering Bay  
  85  6:32  Refinery, Supply Depot  
  89  6:33  Marine  
  89  6:34  Marine, Supply Depot  
  89  6:35  Starport  
  90  6:40  Marine  
  90  6:44  Banshee  
  90  6:47  SCV x2  
  95  6:51  Marine  
  95  6:52  Marine  
  97  6:59  Terran Infantry Weapons Level 1, SCV  
  95  7:04  Siege Tank  
  98  7:12  SCV  
  98  7:14  Supply Depot  
  96  7:18  Supply Depot, Starport Reactor  
  96  7:22  Barracks Tech Lab, Missile Turret  
  96  7:25  Missile Turret  
  96  7:28  Raven  
  98  7:30  Marine x3  
  98  7:35  Missile Turret  
  99  7:40  SCV  
  100  7:48  Marine x3  
  103  7:55  Medivac x2  
  107  8:03  SCV x2  
  104  8:06  Marine  
  104  8:09  Siege Tank  
  108  8:14  Command Center  
  108  8:15  Marine, SCV  
  108  8:16  Banshee, Marauder  
  115  8:24  Marine, SCV  
  117  8:27  Medivac, SCV  
  117  8:30  Medivac  
  122  8:36  SCV  
  122  8:38  Marine  
  127  8:41  Marauder x2  
  127  8:44  SCV  
  127  8:47  Siege Tank  
  127  8:48  SCV  
  132  8:53  Barracks, Missile Turret  
  132  8:54  Barracks  
  132  8:59  Marine x2  
  134  9:07  Supply Depot  
  134  9:08  SCV  
  134  9:09  SCV  
  134  9:19  Marine  
  134  9:20  Marine  
  134  9:26  Marauder x2, SCV x2  

Tags
 
Add a new tag
Caveats
  • Supply blocks, unpowered buildings, or Contaminate may cause inaccurate times.
  • Supply counts are checked every 10 seconds.